[Event "Late-Titled-Tuesday-Blitz-April-30-2024"]
[Site "Chess.com"]
[Date "2024.04.30"]
[Round "4"]
[White "Sanyura"]
[Black "Charodej1"]
[Result "1-0"]
[WhiteElo "2654"]
[BlackElo "2421"]
[TimeControl "180+1"]
[EndTime "14:41:52 PDT"]
[Termination "Sanyura won by resignation"]

1. g3 d5 2. Bg2 Nf6 3. b3 g6 4. Bb2 Bg7 5. e3 O-O 6. Ne2 c6 7. d3 Nbd7 8. Nd2 a5 9. a3 e5 10. O-O Qe7 11. c4 Nc5 12. d4 Nd3 13. Bc3 e4 14.
Nc1 Nxc1 15. Qxc1 Bg4 16. b4 a4 17. b5 Rfc8 18. bxc6 bxc6 19. Rb1 h5 20. Re1 h4 21. Rb6 hxg3 22. hxg3 Qd7 23. Qb2 Bh3 24. Rb7 Qg4 25.
Nf1 Qh5 26. Nh2 g5 27. Bb4 Kh7 28. Be7 Kg6 29. Bxf6 Bxf6 30. Qe2 Qxe2 31. Rxe2 Be6 32. c5 Bd8 33. f3 f5 34. g4 exf3 35. Nxf3 Bc7 36.
Rxc7 Rxc7 37. Ne5+ Kg7 38. Rb2 fxg4 39. Rb6 Bd7 40. e4 dxe4 41. Bxe4 Rd8 42. Kg2 Rf8 43.
Bxc6 Bxc6+ 44. Nxc6 Rf3 45. d5 Rxa3 46. d6 Rf7 47. Ne5 Ra2+ 48. Kg3 a3 49. Nxf7 Kxf7 50.
d7 Ke7 51. c6 Rc2 52. Rb8 Rd2 53. Re8+ Kf7 54. c7 a2 55. d8=Q a1=Q 56. Rf8+ Ke6 57. Qxd2 Qe5+ 58. Kxg4 Qe4+ 59. Kxg5 Qe5+ 60. Kg6 Qe4+ 61. Kh6 Qh4+ 62. Kg7 Qe7+ 63. Kg8 Qxc7 1-0

[Event "Late-Titled-Tuesday-Blitz-April-30-2024"]
[Site "Chess.com"]
[Date "2024.04.30"]
[Round "4"]
[White "Jospem"]
[Black "DominguezOnYoutube"]
[Result "1/2-1/2"]
[WhiteElo "3120"]
[BlackElo "2947"]
[TimeControl "180+1"]
[EndTime "14:41:55 PDT"]
[Termination "Game drawn - insufficient material"]

1. e4 e5 2. Nf3 Nc6 3. Nc3 Nf6 4. h3 h6 5. d4 exd4 6. Nxd4 Bb4 7. Nxc6 bxc6 8. Bd3 O-O 9. O-O d5 10. exd5 cxd5 11. Qf3 c6 12. Bf4 Bd6 13. Rad1 Re8 14. Ne2 a5 15. b3 a4 16. c4 axb3 17. axb3 Rb8 18. Nd4 Bxf4 19. Qxf4 Bd7 20. Bf5 Qe7 21. Bxd7 Qxd7 22. Nf5 Kh7 23. Nxh6 gxh6 24. Qxf6 Rxb3 25.
Rfe1 Rbb8 26. c5 Rxe1+ 27. Rxe1 Re8 28. Rd1 Re4 29. Kh2 Qe6 30. Qf3 Qe5+ 31. g3 Kg7 32. Rb1 Qf6 33. Qg2 Re2 34. Kg1 Rc2 35. Rb4 Rc4 36.
Rb1 Rxc5 37. g4 Rc2 38. Qg3 d4 39. h4 d3 40. Rd1 d2 41. Qe3 Qxh4 42. Qe5+ Qf6 43.
Qe3 Qc3 44. Qxc3+ Rxc3 45. Rxd2 Rc4 46. f3 c5 47. Kg2 Rc1 48. Rf2 c4 49. Rd2 c3 50.
Rd6 c2 51. Rc6 Kf8 52. Rc3 Ke7 53. Rc6 Kd7 54. Rc3 Kd6 55. Rc8 Kd5 56. Rc7 Kd4 57. Rc8 Ke3 58. Re8+ Kd2 59. Rd8+ Ke3 60. Re8+ Kf4 61.
Re4+ Kg5 62. Rc4 Kg6 63. Rc6+ f6 64. Rc5 Kf7 65. Rc6 Ke7 66. Rc3 Kd6 67. Rc8 f5 68. gxf5 Ke5 69. Rc5+ Kf6 70. f4 h5 71. Kh2 h4 72.
Kg2 h3+ 73. Kh2 Rf1 74. Rxc2 Rxf4 75. Kxh3 Rxf5 76. Kg4 Rg5+ 77. Kf4 Rf5+ 78. Ke4 Re5+ 79. Kd4 Rf5 80. Rc6+ Kg5 81. Rc5 Rxc5 82. Kxc5 1/2-1/2

[Event "Late-Titled-Tuesday-Blitz-April-30-2024"]
[Site "Chess.com"]
[Date "2024.04.30"]
[Round "4"]
[White "mjelcic"]
[Black "pedroholly22"]
[Result "0-1"]
[WhiteElo "2332"]
[BlackElo "2468"]
[TimeControl "180+1"]
[EndTime "14:41:56 PDT"]
[Termination "pedroholly22 won on time"]

1. d4 d5 2. c4 e6 3. Nf3 a6 4. g3 dxc4 5. Bg2 Nc6 6. O-O Rb8 7. a4 Nf6 8. Nc3 Be7 9. Bf4 Nd5 10. e4 Nxf4 11. gxf4 O-O 12. d5 Nb4 13. Ne5 Bd6 14. Qg4 Bxe5 15. fxe5 exd5 16. Qh5 d4 17. Nd5 Nc6 18.
f4 d3 19. Rf3 Nd4 20. Rg3 Ne2+ 21. Kf2 Nxg3 22. hxg3 f6 23. Rh1 h6 24. Nxf6+ Rxf6 25.
exf6 Qxf6 26. Qe8+ Qf8 27. Qg6 Qf6 28. Qe8+ Kh7 29.
e5 Qb6+ 30. Kf1 Bf5 31. Qf7 Bg6 32. Qe7 d2 33. Rxh6+ Kxh6 34. Qh4+ Bh5 35. Qg5+ Kh7 36. Qxh5+ Qh6 37. Be4+ Kh8 38. Qg4 Rd8 39. Qd1 Qh3+ 40. Kf2 Qh2+ 41. Kf3 Qh5+ 42. g4 Qh3+ 43. Kf2 Qh2+ 44.
Bg2 Qxf4+ 45. Bf3 Qh2+ 46. Bg2 Qxe5 47. g5 Qxg5 48. Kg1 Qe3+ 49. Kh2 Qe5+ 50. Kh3 Qf5+ 51. Kh2 Qg5 52. Be4 g6 53. Qf3 d1=Q 54. Qh3+ Qdh5 55. Qxh5+ Qxh5+ 56. Kg1 Qg4+ 57. Bg2 Rd1+ 58. Kh2 Rd2 59. b3 Rxg2+ 0-1

[Event "Late-Titled-Tuesday-Blitz-April-30-2024"]
[Site "Chess.com"]
[Date "2024.04.30"]
[Round "4"]
[White "MyDream003"]
[Black "vladgoncharov"]
[Result "1-0"]
[WhiteElo "2831"]
[BlackElo "2601"]
[TimeControl "180+1"]
[EndTime "14:41:57 PDT"]
[Termination "MyDream003 won on time"]

1. e4 e6 2. d4 d5 3. Nc3 Nf6 4. e5 Nfd7 5. f4 c5 6. Nf3 Nc6 7. Be3 a6 8. Qd2 b5 9. a3 Qb6 10. Ne2 b4 11. c3 bxc3 12. bxc3 Na5 13. Nc1 cxd4 14. cxd4 Nc4 15. Bxc4 dxc4 16. Ne2 Qc6 17. O-O Nb6 18. f5 Nd5 19. f6 gxf6 20. exf6 Bd6 21. Bf2 Bb7 22. Bg3 Bxg3 23. hxg3 c3 24. Qd3 c2 25.
Rac1 Rc8 26. Rf2 Qc4 27. Qd2 Qb3 28. Ne5 Qe3 29. Rxc2 Rxc2 30. Qxc2 O-O 31. Qc1 Rc8 32. Qxe3 Nxe3 33. Nf4 Rc1+ 34. Kh2 h6 35. Rb2 Rc7 36. g4 Kh7 37. Kg3 Nd5 38. Nxd5 Bxd5 39. Kh4 a5 40.
Rb5 a4 41. Rb8 Bb3 42. Rf8 Ba2 43. Nxf7 Rc1 44. Ne5 Rh1+ 45. Kg3 Rf1 46. f7 Bd5 47. Re8 Kg7 48. Rg8+ Kh7 49. f8=Q Rxf8 50. Rxf8 Kg7 51. Rf7+ Kg8 52. Rd7 Bb3 53. Ra7 Kf8 54. Nd7+ Ke7 55.
Nc5+ Kd6 56. Nxb3 axb3 57. Rb7 Kd5 58. Rxb3 Kxd4 59. a4 Kc4 60. Rb8 1-0

[Event "Late-Titled-Tuesday-Blitz-April-30-2024"]
[Site "Chess.com"]
[Date "2024.04.30"]
[Round "4"]
[White "Sanan_Sjugirov"]
[Black "gmcorrales"]
[Result "1-0"]
[WhiteElo "3014"]
[BlackElo "2825"]
[TimeControl "180+1"]
[EndTime "14:41:58 PDT"]
[Termination "Sanan_Sjugirov won by checkmate"]

1. e4 c5 2. Nf3 Nc6 3. Bb5 g6 4. O-O Bg7 5. Re1 Nd4 6. Nxd4 cxd4 7. c3 Qb6 8. Na3 a6 9. Bf1 Qa7 10. Nc2 e5 11. cxd4 exd4 12. e5 Ne7 13. b3 O-O 14. Ba3 Re8 15. Qf3 b5 16. Bd3 Nc6 17. Bd6 Bb7 18. Qg3 Rac8 19. f4 Ne7 20. Kh1 Nf5 21.
Bxf5 gxf5 22. Nb4 Re6 23. Qh3 Rg6 24. Rg1 Qa8 25. Rae1 Be4 26. d3 Bb7 27. Re2 a5 28. Nc2 Rg4 29. Nxd4 Rxf4 30. Nxf5 Rxf5 31. Qxf5 Bd5 32.
Qxd7 b4 33. Qf5 Qc6 34. Rf2 Be6 35. Qf3 Bd5 36. Qg3 Qd7 37. h3 Rc3 38. Kh2 Qe6 39. Rgf1 Qg6 40. Qxg6 hxg6 41. Rd2 Bh6 42. Rdf2 Be3 43.
Re2 Rxd3 44. e6 fxe6 45. Bg3 Rc3 46. Be5 Rd3 47. Rf6 Bc5 48. Rxg6+ Kf7 49. Rg7+ Ke8 50. h4 Be7 51. h5 Bf8 52. Ra7 Bh6 53. Rh7 Bg5 54. h6 Be3 55. Rh8+ Kf7 56. h7 Kg6 57. Rg8+ Kxh7 58. Rg3 Rd2 59. Rgxe3 Rd1 60. Rh3+ Kg6 61. Rf2 Kg5 62. Rg3+ Kh4 63. Rf8 Re1 64. Rh8# 1-0

[Event "Late-Titled-Tuesday-Blitz-April-30-2024"]
[Site "Chess.com"]
[Date "2024.04.30"]
[Round "4"]
[White "zverr1"]
[Black "IMRosen"]
[Result "1/2-1/2"]
[WhiteElo "2482"]
[BlackElo "2684"]
[TimeControl "180+1"]
[EndTime "14:41:58 PDT"]
[Termination "Game drawn by stalemate"]

1. d4 d5 2. c4 e6 3. Nf3 Nf6 4.
g3 dxc4 5. Bg2 Bb4+ 6. Bd2 c5 7. Bxb4 cxb4 8. Ne5 O-O 9. Nxc4 Nc6 10. e3 e5 11. d5 b5 12. O-O bxc4 13. dxc6 Bf5 14. a3 Bd3 15. Re1 b3 16. c7 Qxc7 17. Bxa8 Rxa8 18.
Nc3 h5 19. Qf3 Rd8 20. h3 Qd7 21. Kh2 Qe6 22. Rg1 a5 23. g4 hxg4 24. hxg4 g6 25. Kg3 Kg7 26. Rh1 Qd6 27. Kg2 Qd7 28. Kg3 Qd6 29. Kg2 Qd7 30. Kg3 g5 31. e4 Qe6 32.
Rae1 Rd4 33. Re3 Qd7 34. Rh2 Rd6 35. Qh1 Kf8 36. f3 Ke7 37. Rh6 Re6 38. Rxf6 Rxf6 39.
Qh8 Qd8 40. Qg7 Ke6 41. Qxg5 Rxf3+ 42. Rxf3 Qxg5 43. Nd5 Qc1 44. Rf6+ Kd7 45. Rxf7+ Ke8 46. Re7+ Kd8 47. Rxe5 Qg1+ 48. Kf4 Qh2+ 49. Kf5 Qxb2 50. Ke6 Qxe5+ 51. Kxe5 b2 52. Nc3 b1=Q 53. Nxb1 Bxb1 54.
Kd4 Bd3 55. g5 Ke7 56. e5 Kf7 57. Kc3 Ke6 58. g6 Ke7 59. Kd4 Kf8 60. e6 Bxg6 61. Kxc4 a4 62. Kb4 Bc2 63. Kc3 Bb3 64. Kb2 Ke7 65. Ka1 Kxe6 66. Kb2 Kd6 67. Ka1 Kd5 68. Kb2 Ke4 69. Ka1 Ke3 70. Kb2 Ke2 71. Ka1 Ke1 72. Kb2 Bc4 73. Ka1 Bb5 74. Kb2 Kd2 75. Ka1 Kc1 76. Ka2 Kd2 77. Ka1 Kc3 78. Ka2 Kc2 79.
Ka1 Kb3 80. Kb1 Kxa3 81. Ka1 Kb3 82. Kb1 Bd3+ 83. Ka1 Be2 84. Kb1 Ka3 85. Ka1 Bd1 86. Kb1 Bc2+ 87. Ka1 Bb3 88. Kb1 Ba2+ 89. Ka1 Kb3 1/2-1/2

[Event "Late-Titled-Tuesday-Blitz-April-30-2024"]
[Site "Chess.com"]
[Date "2024.04.30"]
[Round "4"]
[White "simaopdias"]
[Black "scandalgod"]
[Result "1/2-1/2"]
[WhiteElo "2331"]
[BlackElo "2499"]
[TimeControl "180+1"]
[EndTime "14:41:59 PDT"]
[Termination "Game drawn by repetition"]

1. e4 e5 2. Nf3 Nc6 3. Bc4 Nf6 4. d3 Be7 5. c3 O-O 6. Nbd2 d6 7. Bb3 Be6 8. O-O Qd7 9. Re1 Rae8 10. h3 h6 11. Nf1 Nh7 12. g4 Bd8 13. Ng3 Ne7 14.
Kg2 Ng6 15. Nf5 Ng5 16. Bxg5 Bxg5 17. Nxg5 hxg5 18. Rh1 Nf4+ 19. Kg3 g6 20. Ne3 Kg7 21. Rh2 Rh8 22. d4 Bxb3 23. axb3 a6 24. Qf3 Qb5 25. c4 Qb4 26. dxe5 Rxe5 27. Nd5 Qc5 28. Re1 Qd4 29. Nxf4 gxf4+ 30. Qxf4 Rhe8 31. f3 Qb6 32. Qe3 Qc6 33. Rd2 Qd7 34. Qc3 Kg8 35. c5 Qe6 36. cxd6 cxd6 37.
Red1 Rc5 38. Qd4 Qxb3 39. Qxd6 Rc6 40. Qd7 Rce6 41. Qd4 Rxe4 42. Qc3 Re3 43. Qxb3 Rxb3 44. Rf1 Ree3 45. h4 Kg7 46. Rdf2 Rb5 47. g5 Reb3 48. Re2 Rxb2 49. Re7 Rf5 50. Kg4 Rb4+ 51. f4 Rb2 52. Rd1 Rg2+ 53. Kf3 Rb2 54. Kg3 Rb3+ 55. Kg4 Rb4 56. Rf1 a5 57. Rc7 a4 58. Rc8 Rd5 59. Re1 Rdd4 60. Ree8 Rxf4+ 61. Kg3 Rg4+ 62. Kf3 Rgf4+ 63.
Kg3 Rg4+ 64. Kf3 Rgf4+ 65. Kg3 1/2-1/2

[Event "Late-Titled-Tuesday-Blitz-April-30-2024"]
[Site "Chess.com"]
[Date "2024.04.30"]
[Round "4"]
[White "dvglko"]
[Black "canary2016"]
[Result "0-1"]
[WhiteElo "2454"]
[BlackElo "2231"]
[TimeControl "180+1"]
[EndTime "14:42:01 PDT"]
[Termination "canary2016 won by checkmate"]

1. e4 c5 2. Nf3 d6 3. Bb5+ Bd7 4.
Bxd7+ Nxd7 5. O-O Ngf6 6. Qe2 e6 7. b3 Be7 8. Bb2 O-O 9. c4 Re8 10. Nc3 Rc8 11. Rad1 d5 12. e5 Ne4 13. Nxe4 dxe4 14.
Qxe4 Qc7 15. d3 Nb8 16. d4 cxd4 17. Nxd4 a6 18. Rd3 Nc6 19. Nxc6 Qxc6 20. Qxc6 Rxc6 21. Rd7 b5 22. Rfd1 h6 23. cxb5 axb5 24. a4 bxa4 25. bxa4 Rc2 26. Bd4 Bb4 27. Ra1 Ra8 28. g3 Rd2 29.
Ra7 Rc8 30. Be3 Rd5 31. f4 Rc3 32. Bf2 Rc2 33. Ra8+ Kh7 34. a5 Rdd2 35. Rf1 Rxf2 36. Rxf2 Bc5 37. a6 Rxf2 38. a7 Ra2+ 39. Kf1 Rxa7 40. Rxa7 Bxa7 41. Kg2 Kg6 42. Kf3 h5 43. h3 Bb8 44. g4 hxg4+ 45. hxg4 Ba7 46. Ke4 Bg1 47.
Kf3 Kh7 48. Kg2 Ba7 49. Kf3 f6 50. Ke4 Kg8 51. Kd3 Kf7 52. Ke4 Bb8 53. exf6 gxf6 54. Kf3 Kg6 55. Kg3 f5 56. Kf3 Kf6 57. g5+ Kg6 58.
Ke3 Bc7 59. Kf3 e5 60. fxe5 Bxe5 61. Ke3 Kxg5 62. Kf3 f4 63. Ke4 Bb8 64. Kf3 Kf5 65.
Kf2 Kg4 66. Ke2 f3+ 67. Kf2 Kf4 68. Kf1 Kg3 69. Ke1 f2+ 70. Kf1 Ba7 71. Ke2 Kg2 72.
Kd3 f1=Q+ 73. Kc2 Qe2+ 74. Kb3 Qd3+ 75. Ka2 Qb5 76. Ka1 Bd4+ 77. Ka2 Qb2# 0-1

[Event "Late-Titled-Tuesday-Blitz-April-30-2024"]
[Site "Chess.com"]
[Date "2024.04.30"]
[Round "4"]
[White "DrVelja"]
[Black "grzechu96"]
[Result "1-0"]
[WhiteElo "2972"]
[BlackElo "2785"]
[TimeControl "180+1"]
[EndTime "14:42:02 PDT"]
[Termination "DrVelja won on time"]

1. e4 e5 2. Nf3 Nc6 3. Bb5 a6 4. Ba4 Nf6 5. O-O b5 6. Bb3 Bc5 7. c3 d6 8. d4 Bb6 9. Be3 O-O 10. Nbd2 h6 11. h3 Re8 12. Bc2 Rb8 13. Re1 Bb7 14.
a3 exd4 15. cxd4 Ne7 16. b4 Ng6 17. Qb1 Nd7 18. a4 c5 19. bxc5 dxc5 20. d5 Bc7 21. axb5 axb5 22. Qxb5 Bxd5 23. Qe2 Bc6 24. Red1 Qe7 25.
Nc4 Nf6 26. Ra7 Bh2+ 27. Nxh2 Qxa7 28. Nd6 Re6 29. Qc4 Ne5 30. Qc3 Ned7 31. Ng4 Rxd6 32. Rxd6 Nxe4 33. Bxe4 Bxe4 34. Bxh6 gxh6 35. Qg3 Rb1+ 36.
Kh2 Kf8 37. Rxh6 Bg6 38. Rh8+ Ke7 39. Qe3+ Kd6 40. Rd8 Kc7 41. Qe7 Qa4 42. Qg5 Qc6 43. Ne5 Qe6 44. Rxd7+ Kb6 45. Re7 Qd6 46. Qg3 Qd1 47.
Nc4+ Kb5 48. Qb8+ Kxc4 49. Qf4+ Kb5 50. Qb8+ Kc4 51. Qf4+ Qd4 52. Qg3 Rb3 53. f3 Rb1 54.
Qc7 Qg1+ 55. Kg3 Qd4 56. Qc6 Qd5 57. Qa6+ Kc3 58. Qa5+ Rb4 59. Qa1+ Kc4 60. Qf1+ Bd3 61. Qc1+ Kb5 62. Re8 Qd6+ 63. Kf2 Qd4+ 64. Kg3 Qg7+ 65. Kh2 Qf6 66. Rb8+ Ka6 67. Qa3+ 1-0

[Event "Late-Titled-Tuesday-Blitz-April-30-2024"]
[Site "Chess.com"]
[Date "2024.04.30"]
[Round "4"]
[White "cthulhuuu"]
[Black "Rutricks"]
[Result "1-0"]
[WhiteElo "2470"]
[BlackElo "2671"]
[TimeControl "180+1"]
[EndTime "14:42:02 PDT"]
[Termination "cthulhuuu won on time"]

1. e4 g6 2. d4 Bg7 3. Nc3 c6 4. f4 d5 5. e5 f6 6. h3 Nh6 7. Nf3 O-O 8. g4 fxe5 9. Nxe5 Nd7 10.
Bg2 Nxe5 11. fxe5 e6 12. g5 Nf5 13. O-O Qb6 14. Na4 Qxd4+ 15. Qxd4 Nxd4 16. Rxf8+ Kxf8 17. Bd2 Bxe5 18. Re1 Bg7 19. c3 Nf5 20. Nc5 e5 21. c4 b6 22. Nd3 e4 23. Nb4 Bd4+ 24.
Kh2 Bf2 25. Re2 e3 26. Bc1 Nd4 27. Bxe3 Nxe2 28. Bxf2 Nf4 29. Bf3 Bb7 30. Bg3 Ne6 31.
cxd5 cxd5 32. Nxd5 Nxg5 33. Bg2 Rd8 34. Bh4 Bxd5 35. Bxg5 Rd7 36. Bf1 Bxa2 37. Bh6+ Kg8 38. Bb5 Rd5 39. Ba4 b5 40. Bc2 Rc5 41. Bd3 Bc4 42. Be4 Bd5 43. Be3 Bxe4 44. Bxc5 a5 45. Bb6 a4 46. Bc5 Kf7 47. Kg3 Bf5 48. h4 h6 49. Kf4 Be6 50. Bb4 Bb3 51. Bd2 Bc2 52.
Ke5 Kg7 53. Be3 Bd3 54. Bc5 Bf1 55. Bd4 Kh7 56. Kf6 Bd3 57. Be3 b4 58. Bc5 a3 59. bxa3 b3 60. Bd4 g5 61. hxg5 h5 62.
Ke5 h4 63. Kf4 Bf5 64. Kf3 Kg6 65. Bf6 1-0

[Event "Late-Titled-Tuesday-Blitz-April-30-2024"]
[Site "Chess.com"]
[Date "2024.04.30"]
[Round "4"]
[White "balachess2006"]
[Black "Akhayan"]
[Result "0-1"]
[WhiteElo "2679"]
[BlackElo "2490"]
[TimeControl "180+1"]
[EndTime "14:42:04 PDT"]
[Termination "Akhayan won by resignation"]

1. c4 e5 2. Nc3 Nf6 3. e3 c6 4. Nf3 e4 5. Nd4 d5 6. cxd5 cxd5 7. d3 exd3 8. Bxd3 Be7 9. O-O O-O 10. b3 Nc6 11.
Nce2 Bg4 12. Nxc6 bxc6 13. Bb2 h6 14. Rc1 Bd7 15. Nd4 c5 16. Nf5 Bxf5 17. Bxf5 Qb6 18. Bxf6 Qxf6 19. Qxd5 Rad8 20. Qf3 g6 21. Bb1 Qxf3 22.
gxf3 Rd2 23. Rcd1 Rfd8 24. Rxd2 Rxd2 25. Kg2 Kg7 26. Kg3 h5 27. f4 Kf6 28. Rc1 a5 29.
Rc4 Rb2 30. Bd3 Rxa2 31. Re4 h4+ 32. Kf3 Rd2 33. Bc4 h3 34. Kg3 Rd8 35. Re5 Rd2 36. Kf3 Rc2 37. Re4 Rd2 38. Kg3 Rc2 39. Bb5 Rb2 40.
Ba4 Rc2 41. Kxh3 Rxf2 42. Kg3 Rc2 43. Bb5 Rb2 44. Bc4 Rc2 45. h3 Rc1 46. Bd5 Rg1+ 47.
Kh2 Rd1 48. Bc4 Rd2+ 49. Kg3 Rd1 50. Re5 Rc1 51. Bd5 Rg1+ 52. Kf2 Rc1 53. Bc4 Rc2+ 54. Kf3 Rc1 55. Re4 Rc2 56. Kg3 Rc1 57. h4 Rg1+ 58.
Kf2 Rc1 59. Kf3 Rc2 60. Bb5 Rb2 61. Ra4 Rxb3 62. Rxa5 Bd8 63. Ra6+ Kg7 64. Bc4 Rd3 65. Bd5 Rxd5 66. Ke4 Rd1 67. Rc6 Bf6 68. Rxc5 Bxh4 69.
Kf3 Be7 70. Ke4 Bxc5 0-1

[Event "Late-Titled-Tuesday-Blitz-April-30-2024"]
[Site "Chess.com"]
[Date "2024.04.30"]
[Round "4"]
[White "Slovak_fighter2000"]
[Black "lupta_robin"]
[Result "0-1"]
[WhiteElo "2469"]
[BlackElo "2598"]
[TimeControl "180+1"]
[EndTime "14:42:05 PDT"]
[Termination "lupta_robin won on time"]

1. b3 Nf6 2. Bb2 c5 3. Nf3 Nc6 4. g3 d5 5. Bg2 Bg4 6. O-O Qd7 7. c4 d4 8. d3 Bh3 9. e4 h5 10. Bxh3 Qxh3 11. Ng5 Qg4 12. Qxg4 hxg4 13. f3 Nb4 14.
Rd1 Nc2 15. e5 Nh7 16. Nxh7 Rxh7 17. fxg4 e6 18. Nd2 Nxa1 19. Bxa1 Be7 20. Ne4 f6 21.
Bb2 f5 22. gxf5 exf5 23. Nd2 Kd7 24. Nf3 Ke6 25. h4 a5 26. a4 Ra6 27. Rb1 f4 28.
Kg2 fxg3 29. Kxg3 Kf5 30. Bc1 Rg6+ 31. Bg5 Bxg5 32. Nxg5 Kxe5 33. Re1+ Kd6 34. Re8 Kc6 35. Rc8+ Kb6 36. Re8 Rhh6 37. Re7 Kc6 38. Kg4 Rh8 39.
h5 Rgh6 40. Nf7 Rxh5 41. Nxh8 Rxh8 42. Rxg7 Rh1 43. Rg6+ Kc7 44. Rg7+ Kb8 45. Kf5 Rb1 46. Ke5 Rxb3 47. Rg3 Ka7 48. Kd5 Kb6 49. Rg6+ Ka7 50.
Kxc5 Rxd3 51. Rd6 Ra3 52. Kb5 Rb3+ 53. Kc5 d3 54. Rd7 Kb8 55. Rh7 d2 56. Rd7 Rb2 57.
Rd6 Kc7 58. Rd4 b6+ 59. Kd5 Ra2 60. Rd3 Rxa4 61. Rxd2 Rb4 62. Rh2 Kb7 63. Rh7+ Ka6 64.
c5 Rb5 65. Rc7 a4 66. Kc4 Rxc5+ 67. Rxc5 bxc5 68. Kxc5 a3 0-1

[Event "Late-Titled-Tuesday-Blitz-April-30-2024"]
[Site "Chess.com"]
[Date "2024.04.30"]
[Round "4"]
[White "GoltsevDmitry2000"]
[Black "dropstoneDP"]
[Result "1/2-1/2"]
[WhiteElo "2821"]
[BlackElo "3000"]
[TimeControl "180+1"]
[EndTime "14:42:06 PDT"]
[Termination "Game drawn by repetition"]

1. e4 e5 2. Nf3 Nf6 3. Nxe5 d6 4.
Nf3 Nxe4 5. d3 Nf6 6. d4 d5 7. c4 Bb4+ 8. Nc3 O-O 9. Be2 dxc4 10. Bxc4 Nc6 11. O-O Bg4 12. Bg5 Bxf3 13. Qxf3 Qxd4 14. Bxf6 Qxf6 15. Qxf6 gxf6 16. Nd5 Kg7 17. Nxc7 Rac8 18. Nd5 Bd6 19. Rad1 Rfd8 20. Ne3 Bc5 21. Nf5+ Kf8 22. Nh6 Ne5 23. Bb3 Bd4 24. Rd2 Bb6 25. Re2 Rd4 26.
h3 a5 27. Nf5 Rf4 28. Nd6 Rd8 29. Re4 Rxf2 30. Rxf2 Bxf2+ 31. Kxf2 Rxd6 32. Ke3 b5 33. Rd4 Rc6 34. Rd5 a4 35. Bd1 Nc4+ 36. Kf2 Nxb2 37. Be2 b4 38. Rb5 Rc2 39. Ke1 b3 40. axb3 a3 41.
Ra5 a2 42. Rxa2 Nd3+ 43. Bxd3 Rxa2 44. Be4 Rb2 45. Bd5 Ke7 46. Kd1 f5 47. Kc1 Re2 48.
Bf3 Re3 49. Kc2 Kd6 50. b4 h6 51. b5 Kc5 52. Bc6 f4 53. Kd2 f6 54. Kc2 Rg3 55. Kd2 Ra3 56. Ke2 Re3+ 57. Kf2 Rb3 58. Ke2 Kd4 59. Kf2 Ke5 60. Ke2 h5 61. Kf2 h4 62.
Ke2 f3+ 63. gxf3 Kf4 64. Kd2 Kg3 65. Bd7 Kxf3 66. Kc2 Rb4 67. Kc3 Rb1 68. Kc2 Rb4 69. Kc3 Rb1 70. Kc2 Rb4 1/2-1/2

[Event "Late-Titled-Tuesday-Blitz-April-30-2024"]
[Site "Chess.com"]
[Date "2024.04.30"]
[Round "4"]
[White "Bala-Afiada"]
[Black "teresin05"]
[Result "0-1"]
[WhiteElo "2001"]
[BlackElo "2265"]
[TimeControl "180+1"]
[EndTime "14:42:23 PDT"]
[Termination "teresin05 won by resignation"]

1. d4 d5 2. c4 c6 3. Nf3 Nf6 4. Qc2 dxc4 5. Qxc4 Bf5 6. g3 e6 7. Bg2 Nbd7 8. O-O Bd6 9. Nc3 h6 10. Rd1 O-O 11. Bf4 Bxf4 12. gxf4 Nb6 13. Qb3 Qe7 14. Ne5 Rfd8 15. e4 Bh7 16. Nc4 Nxc4 17. Qxc4 Nh5 18. Ne2 Qh4 19. Qc1 Rd7 20. Rd3 Qg4 21. Qe3 Rad8 22. Rad1 Nf6 23. f3 Qg6 24. Kh1 Nh5 25.
a3 Qf6 26. b4 Qh4 27. Kg1 a6 28. Qf2 Qf6 29. Qe3 Qe7 30. Rc3 Nf6 31. Rcd3 Ne8 32.
Ng3 Nd6 33. Bf1 Nc4 34. Qc1 b5 35. Rc3 Rxd4 36. Rxd4 Rxd4 37. Bxc4 bxc4 38. Rxc4 Qa7 39. Rxd4 Qxd4+ 40. Kg2 Qd7 41. Qc5 Qb7 42. Qd4 Bg6 43.
Qd8+ Kh7 44. f5 exf5 45. exf5 Qb5 46. fxg6+ fxg6 47. Qd2 Qa4 48. Qd3 a5 49. bxa5 Qxa5 50. h4 h5 51. Qe3 Qd5 52. Qc3 c5 53. Qe3 c4 54. Qc3 Qc5 55. Ne4 Qc6 56. Ng5+ Kh8 57.
Qd4 Qc8 58. Qc3 Qc7 59. Nf7+ Qxf7 60. Qd4 Qc7 61. Qc3 Qc6 62. Qe3 c3 63. Qc1 c2 64. Kf2 Qc4 65. Ke3 Qc3+ 66. Ke2 Qc4+ 67.
Kd2 Qd4+ 68. Ke2 Qc4+ 69. Kd2 Qd4+ 70. Kxc2 Qf2+ 71. Qd2 Qxf3 72. Qd3 Qf2+ 73. Kc3 Qxh4 74. Qd8+ Qxd8 0-1

[Event "Late-Titled-Tuesday-Blitz-April-30-2024"]
[Site "Chess.com"]
[Date "2024.04.30"]
[Round "4"]
[White "oskariot"]
[Black "lucasran"]
[Result "1-0"]
[WhiteElo "2740"]
[BlackElo "2552"]
[TimeControl "180+1"]
[EndTime "14:42:25 PDT"]
[Termination "oskariot won on time"]

1. e4 c6 2. d4 d5 3. Nd2 dxe4 4. Nxe4 Bf5 5. Ng3 Bg6 6. c3 Nd7 7. Nh3 Ngf6 8. Bc4 e6 9. Nf4 Nb6 10. Bb3 Nbd5 11. h4 Nxf4 12. Bxf4 h6 13. h5 Bh7 14. Qf3 Bd6 15. O-O Bxf4 16. Qxf4 O-O 17. Rfe1 Rc8 18. Rad1 Qc7 19. Qf3 c5 20. dxc5 Qxc5 21. Qxb7 Rb8 22. Qf3 a5 23. Rd4 Rfd8 24. Red1 Rxd4 25. Rxd4 Qe5 26.
Qd1 Rf8 27. Rd8 Qc5 28. Qd4 Qc7 29. Rxf8+ Kxf8 30. Bd1 Bb1 31. a4 Kg8 32. Bf3 Qb8 33. b4 e5 34. Qd1 e4 35. Be2 e3 36. Qxb1 exf2+ 37. Kxf2 Qf4+ 38. Bf3 Ng4+ 39. Kf1 Ne3+ 40. Ke2 Nc4 41. Qd3 Ne5 42. Qd8+ Kh7 43. Be4+ g6 44. hxg6+ fxg6 45. Qe7+ Kh8 46. Qd8+ Kh7 47. bxa5 Qxg3 48.
Qe7+ Kh8 49. Bf3 Nxf3 50. gxf3 Qg2+ 51. Ke3 Qg1+ 52. Kd2 Qh2+ 53. Qe2 Qd6+ 54. Qd3 Qa3 55. Qd4+ Kh7 56. a6 Qa2+ 57. Kd3 Qb1+ 58. Kd2 Qb2+ 59.
Ke3 Qc1+ 60. Ke4 Qe1+ 61. Kd5 Qe7 62. a7 Qd7+ 63. Ke4 Qe8+ 64. Kd3 Qa8 65. a5 h5 66. Qb6 h4 67. Kc2 Qxf3 68. a6 Qe2+ 69. Kb3 Qf3 70. Qb7+ Qxb7+ 71. axb7 h3 72. b8=Q h2 73. Qxh2+ 1-0

[Event "Late-Titled-Tuesday-Blitz-April-30-2024"]
[Site "Chess.com"]
[Date "2024.04.30"]
[Round "4"]
[White "shrek4life02"]
[Black "rasmussvane"]
[Result "0-1"]
[WhiteElo "2722"]
[BlackElo "2960"]
[TimeControl "180+1"]
[EndTime "14:42:34 PDT"]
[Termination "rasmussvane won by checkmate"]

1. e4 c6 2. Nf3 d5 3. Nc3 dxe4 4.
Nxe4 Nf6 5. Qe2 Nxe4 6. Qxe4 Qa5 7. Bc4 Bf5 8. Qe2 e6 9. c3 Bd6 10. d4 O-O 11. O-O Nd7 12. Nh4 Bg6 13. Nxg6 hxg6 14.
Qf3 Qc7 15. Qh3 c5 16. dxc5 Qxc5 17. Bb3 Nf6 18. Be3 Qc7 19. Bd4 Be5 20. Bxe5 Qxe5 21.
Rfe1 Qc5 22. Rad1 Rad8 23. Qf3 Qc6 24. Qxc6 bxc6 25. Ba4 c5 26. Rxd8 Rxd8 27. Rd1 Rb8 28. Rd2 Kf8 29. f3 g5 30. h3 Ke7 31. Kf2 Nd5 32. Bc6 Nf6 33. a4 Rb6 34. Bb5 Nd5 35.
Bc4 Nf4 36. a5 Rb8 37. Ke3 Ng6 38. g3 Ne5 39. Be2 Nc6 40. a6 Rb6 41. b4 cxb4 42. cxb4 Nxb4 43. Kf2 Nxa6 44. Ra2 Nc5 45. Rxa7+ Kf6 46.
Ra1 Rb2 47. Ke3 Rb3+ 48. Kf2 Nd7 49. Ra5 Ne5 50. Ra2 Rc3 51. Rb2 Ra3 52. Rc2 Rb3 53. Rd2 Nc6 54. Ra2 Nd4 55. Rd2 e5 56. Ra2 g6 57. Ra6+ Ke7 58. Ra2 Rc3 59. Ra7+ Kf6 60. Ra6+ Kg7 61. Ra2 Rb3 62. Rd2 Kf6 63. Ra2 Rb6 64. Rd2 Rc6 65. Ra2 Ke6 66. Rd2 f5 67. Ra2 f4 68. g4 Rc3 69. Ra6+ Kf7 70. Ra7+ Kf6 71. Ra6+ Ke7 72. Ra7+ Kd6 73. Ra6+ Kc5 74. Ra2 Re3 75. Bd1 e4 76. fxe4 Rxh3 77. Ra5+ Kc4 78. Rxg5 Rh2+ 79. Kg1 Rd2 80. Kf1 Rxd1+ 81. Kg2 Rd2+ 82.
Kf1 Kd3 83. Rxg6 Ke3 84. Kg1 Nf3+ 85. Kf1 Rf2# 0-1

[Event "Late-Titled-Tuesday-Blitz-April-30-2024"]
[Site "Chess.com"]
[Date "2024.04.30"]
[Round "4"]
[White "MatthewG-p4p"]
[Black "SpeedofLight0"]
[Result "1/2-1/2"]
[WhiteElo "2860"]
[BlackElo "3027"]
[TimeControl "180+1"]
[EndTime "14:42:35 PDT"]
[Termination "Game drawn by 50-move rule"]

1. e4 Nc6 2. Nf3 d6 3. d4 Nf6 4. Nc3 g6 5. d5 Nb8 6. Bc4 Bg7 7.
h3 O-O 8. O-O c6 9. Re1 b5 10. Bb3 a5 11. a3 Bb7 12. Nd4 b4 13. dxc6 Nxc6 14. Nxc6 Bxc6 15. Nd5 e6 16. Nxf6+ Bxf6 17.
axb4 axb4 18. Rxa8 Bxa8 19. Bf4 d5 20. exd5 Bxd5 21.
Bxd5 Qxd5 22. Qxd5 exd5 23. Bd6 Rc8 24. Bxb4 Bxb2 25. Rd1 Rc4 26. Bd6 d4 27. Be5 Rc5 28.
f4 Rc6 29. Rd2 Bc1 30. Rd3 Rxc2 31. Bxd4 Bxf4 32. Bf6 Rc8 33. Kf2 h5 34. Kf3 Bh6 35. g4 hxg4+ 36. hxg4 Bg7 37. Bxg7 Kxg7 38. g5 Rc5 39.
Kg4 Kf8 40. Re3 Rc4+ 41. Kg3 Rc6 42. Kf4 Re6 43. Ra3 Rd6 44. Re3 Rd5 45. Re2 Ra5 46. Re3 Ra7 47. Re2 Re7 48. Ra2 Ke8 49. Ra8+ Kd7 50. Ra7+ Kd6 51. Ra6+ Kd5 52. Ra5+ Kd4 53.
Ra4+ Kd3 54. Ra3+ Ke2 55. Ra2+ Kf1 56. Rb2 Re2 57. Rb7 Kg2 58. Rb8 Rf2+ 59. Kg4 Ra2 60. Rb4 Re2 61. Rf4 Re7 62. Ra4 Rc7 63. Ra2+ Kf1 64. Kf3 Rc3+ 65. Kg4 Rc5 66. Ra7 Rf5 67. Ra2 Rf2 68. Ra7 Kg2 69. Rb7 Kh2 70. Rc7 Rg2+ 71.
Kh4 Rf2 72. Kg4 Kg1 73. Rc1+ Kg2 74. Rc7 Rf3 75. Rc2+ Rf2 76. Rc4 Kh2 77. Re4 Rg2+ 78. Kh4 Rb2 79. Kg4 Rb7 80. Rc4 Kg2 81. Rc2+ Kf1 82.
Kf3 Rb3+ 83. Kg4 Rb5 84. Rc7 Rb4+ 85. Kg3 Rb3+ 86. Kg4 Rb4+ 87. Kg3 Rb3+ 88. Kg4 1/2-1/2